 Dungeon Crawl Stone Soup version 0.26-a0-1191-ge2a0e31ab3 (webtiles) character file.

Game seed: 10401291919295105146

288 stormannn the Conjurer (level 5, 0/38 HPs)
             Began as a Demigod Conjurer on Dec 28, 2020.
             Slain by Grinder (1 damage)
             ... on level 4 of the Dungeon.
             The game lasted 00:06:47 (3857 turns).

stormannn the Conjurer (Demigod Conjurer)           Turns: 3857, Time: 00:06:47

Health: 0/38       AC:  5    Str: 10    XL:     5   Next: 81%
Magic:  9/13       EV: 12    Int: 24    God:
Gold:   151        SH:  0    Dex: 14    Spells: 7/10 levels left

rFire    . . .     SeeInvis .   s - +2 mace (protect)
rCold    . . .     Faith    .   (no shield)
rNeg     . . .     Spirit   .   a - +0 robe
rPois    .         Reflect  .   k - +0 helmet
rElec    .         Harm     .   n - +0 cloak
rCorr    .         Rampage  .   (no gloves)
Will     .....                  b - +0 pair of boots
Stlth    ++........             m - amulet of magic regeneration
HPRegen  0.12/turn              (no ring)
MPRegen  0.38/turn              (no ring)

@: no status effects
A: high mp 1
a: no special abilities


You were on level 4 of the Dungeon.
You visited 1 branch of the dungeon, and saw 4 of its levels.

You collected 151 gold pieces.

Inventory:

Hand Weapons
 s - a +2 mace of protection (weapon)
Armour
 a - a +0 robe (worn)
 b - a +0 pair of boots (worn)
 k - a +0 helmet (worn)
 n - a +0 cloak (worn)
Jewellery
 j - an uncursed ring of stealth {unknown}
 m - an amulet of magic regeneration (around neck)
Scrolls
 e - 3 scrolls of magic mapping {unknown}
 f - a scroll of amnesia {unknown}
 g - a scroll of noise {unknown}
 h - a scroll of teleportation {unknown}
 i - 2 scrolls of identify {unknown}
Potions
 c - a potion of invisibility {unknown}
 d - a potion of cancellation {unknown}
 l - 2 potions of curing {unknown}
 o - 3 potions of lignification {unknown}
 p - a potion of flight {unknown}
 q - a potion of berserk rage {unknown}
 r - a potion of resistance {unknown}


   Skills:
 - Level 1.7 Dodging
 - Level 1.7 Stealth
 + Level 3.3 Spellcasting
 * Level 5.9 Conjurations


You had 7 spell levels left.
You knew the following spells:

 Your Spells              Type           Power        Failure   Level
a - Magic Dart            Conj           100%         1%          1
b - Searing Ray           Conj           64%          1%          2

Your spell library contained the following spells:

 Spells                   Type           Power        Failure   Level
 Dazzling Flash           Conj/Hex       36%          10%         3
 Fulminant Prism          Conj/Hex       9%           30%         4
 Iskenderun's Mystic Bla  Conj/Tloc      18%          30%         4


Dungeon Overview and Level Annotations

Branches:
Dungeon (4/15)
 Temple: D:4-7

Annotations:
D:4 Grinder


Innate Abilities, Weirdness & Mutations

You have an increased reservoir of magic. (+10% MP)


Message History

Casting: Searing Ray (safe; 1% risk of failure)
Confirm with . or Enter, or press ? or * to list all spells.
Aiming: Searing Ray (safe; 1% risk of failure)
Press: ? - help, Shift-Dir - straight line, f/p - Grinder
Aim: Grinder (heavily wounded, 22% to evade)
The searing ray hits Grinder!
Grinder is heavily wounded. (Press . to maintain the ray.) Grinder barely misses you.
The searing ray hits Grinder.
Grinder is severely wounded.
Grinder hits you.
* * * LOW HITPOINT WARNING * * *
You writhe in agony.
* * * LOW HITPOINT WARNING * * *
Okay, then.
The searing ray hits Grinder.
Grinder is severely wounded.
Grinder hits you.
You die...

#........# #........#
........# .......###
#.....# #.....# +.......
#.....# #....... #.....#
#....ยง.. #....@# #.......
#....5#########...)...
#####.....................
#.)<#.....................
#..[#..............)......
#...#.....................
#...).....................
#...#.....(...............
#...#.....................


You could see Grinder.

Vanquished Creatures
  A scorpion (D:4)
  An orc priest (D:4)
  A hound (D:4)
  An orc wizard (D:4)
  A worker ant (D:4)
  4 adders (D:2)
  An ooze (D:1)
  A worm (D:2)
  3 dart slugs
  8 orcs
  4 giant cockroaches
  5 goblins
  8 hobgoblins
  5 jackals
  7 kobolds
  2 quokkas (D:2)
  A ball python (D:1)
  11 bats
  3 frilled lizards
  5 rats (D:1)
73 creatures vanquished.

Notes
Turn   | Place    | Note
-------+----------+-------------------------------------------
     0 | D:1      | stormannn the Demigod Conjurer began the quest for the Orb.
     0 | D:1      | Reached XP level 1. HP: 14/14 MP: 5/5
   249 | D:1      | Reached XP level 2. HP: 20/20 MP: 5/7
   277 | D:1      | Reached skill level 4 in Conjurations
  1447 | D:1      | Learned a level 2 spell: Searing Ray
  1507 | D:2      | Reached XP level 3. HP: 26/26 MP: 6/9
  2028 | D:2      | Reached XP level 4. HP: 32/33 MP: 1/10
  2236 | D:2      | Reached skill level 5 in Conjurations
  3143 | D:3      | Found a shimmering blue altar of Sif Muna.
  3532 | D:3      | Found an ornate altar of the Wu Jian Council.
  3632 | D:4      | Reached XP level 5. HP: 25/38 MP: 5/12
  3820 | D:4      | Noticed Grinder
  3842 | D:4      | Paralysed by Grinder for 4 turns
  3849 | D:4      | Paralysed by Grinder for 5 turns
  3856 | D:4      | HP: 1/38 [Grinder (3)]
  3857 | D:4      | Slain by Grinder

Illustrated notes

Levels and vault maps discovered:
D:1:      tarquinn_simple_flora_water_f, layout_basic
D:2:      layout_basic
D:3:      layout_basic, lemuel_crystal_altar, nzn_wu_jian_council_hall
D:4:      layout_gridville, marbit_many_paths, gammafunk_ghost_stat_death,
          uniq_grinder

Skill      XL: |  1  2  3  4 |
---------------+-------------+-----
Spellcasting   | 2 3 |  3.3
Conjurations   | 4 5 |  5.9
Dodging        | |  1.7
Stealth        | |  1.7

Action                   |  1- 3 |  4- 6 || total
-------------------------+-------+-------++-------
Melee: Dagger            |       |     1 ||     1
 Cast: Magic Dart        |    82 |    32 ||   114
       Searing Ray       |     6 |    11 ||    17
Armor: Robe              |     3 |     7 ||    10
Dodge: Dodged            |    18 |     9 ||    27

Table legend: (Time is in decaauts)
 A = Elapsed time spent in this place.
 B = Non-inter-level travel time spent in this place.
 C = Inter-level travel time spent in this place.
 D = Time resting spent in this place.
 E = Time spent auto-exploring this place.
 F = Levels seen in this place.
 G = Mean time per level.
                   A        B        C        D        E       F      G
               +--------+--------+--------+--------+--------+-----+--------+
         Total |   3858 |   3752 |    106 |   1431 |   1945 |   4 |  964.5 |
       Dungeon |   3858 |   3752 |    106 |   1431 |   1945 |   4 |  964.5 |
               +--------+--------+--------+--------+--------+-----+--------+

Top non-repeatable levels by time:
     D:1: 1454 daAuts
     D:2: 1186 daAuts
     D:3: 939 daAuts
     D:4: 278 daAuts
